 Dungeon Crawl Stone Soup version 0.30-b1-2-g02819fbbbe (webtiles) character file.

Game seed: 12072079482257954452

1150 Armakuni the Conjurer (level 8, -2/52 HPs)
             Began as a Human Conjurer on May 18, 2023.
             Was a Priest of Elyvilon.
             Killed by an exploding two-headed ogre (10 damage)
             ... ignited by their inner flame
             ... on level 7 of the Dungeon.
             The game lasted 00:17:17 (7406 turns).

Armakuni the Conjurer (Human Conjurer)              Turns: 7406, Time: 00:17:17

Health: -2/52      AC:  4    Str:  9    XL:     8   Next: 65%
Magic:  7/14       EV: 12    Int: 18    God:    Elyvilon [***...]
Gold:   356        SH:  0    Dex: 13    Spells: 3/15 levels left

rFire   . . .        a - +1 quarterstaff
rCold   . . .        (shield currently unavailable)
rNeg    . . .        j - +0 robe
rPois   .            (no helmet)
rElec   .            p - scarf {harm}
rCorr   .            (no gloves)
SInv    +            g - +1 pair of boots
Will    .....        (no amulet)
Stlth   ++           (no ring)
HPRegen 0.28/turn    (no ring)
MPRegen 0.14/turn

%: harm (+30% outgoing, +20% incoming)
@: no status effects
A: see invisible, noise suppression
a: Renounce Religion, Purification, Heal Other, Heal Self


You were on level 7 of the Dungeon.
You worshipped Elyvilon.
Elyvilon was most pleased with you.
You visited 2 branches of the dungeon, and saw 8 of its levels.

You collected 400 gold pieces.
You spent 44 gold pieces at shops.

Inventory:

Hand Weapons
 a - a +1 quarterstaff (weapon)
Armour
 c - a scarf of shadows
 g - a +1 pair of boots (worn)
 j - a +0 robe (worn)
 k - a +0 ring mail
 p - a scarf of harm (worn)
Scrolls
 e - a scroll of amnesia
 f - a scroll of teleportation
 i - a scroll of vulnerability
 n - 2 scrolls of blinking
 o - a scroll of enchant weapon
Potions
 b - 2 potions of magic
 d - 4 potions of curing
 h - a potion of haste
 l - 2 potions of ambrosia
 m - a potion of might {unknown}
 s - a potion of resistance


   Skills:
 - Level 2.0 Dodging
 - Level 2.0 Stealth
 - Level 4.0 Spellcasting
 - Level 7.6 Conjurations
 + Level 5.9 Ice Magic


You had 3 spell levels left.
You knew the following spells:

 Your Spells              Type           Power      Damage    Failure   Level
h - Hailstorm             Conj/Ice       28%        3d8       2%          3
m - Iskenderun's Mystic   Conj/Tloc      17%        2d5       30%         4
r - Frozen Ramparts       Ice            50%        1d8       3%          3
z - Searing Ray           Conj           62%        2d6       1%          2

Your spell library contained the following spells:

 Spells                   Type           Power      Damage    Failure   Level
 Freeze                   Ice            100%       1d10      1%          1
 Magic Dart               Conj           100%       1d8       1%          1
 Dazzling Flash           Conj/Hex       34%        N/A       10%         3
 Scorch                   Fire           6%         2d5       22%         2
 Tukima's Dance           Hex            3%         N/A       41%         3
 Vhi's Electric Charge    Tloc/Air       6%         N/A       41%         3
 Flame Wave               Conj/Fire      17%        2d7       30%         4
 Fulminant Prism          Conj/Hex       8%         3d7       30%         4
 Arcjolt                  Conj/Air       8%         1d18      65%         5
 Passage of Golubria      Tloc           3%         N/A       82%         4
 Yara's Violent Unravell  Hex/Tmut       1%         3d3       99%         5
 Summon Cactus Giant      Summ           1%         N/A       100%        6
 Maxwell's Capacitive Co  Air            1%         ∞         100%        8


Dungeon Overview and Level Annotations

Branches:
Dungeon (7/15)             Temple (1/1) D:4

Altars:
Ashenzari
Elyvilon
Fedhas
Gozag
Makhleb
Nemelex Xobeh
Qazlal
Ru
Sif Muna
Vehumet
Wu Jian
Xom
Zin

Shops:
D:1 !   D:2 (


Innate Abilities, Weirdness & Mutations

You have supernaturally acute eyesight. (SInv)
You passively dampen the noise of your surroundings.


Message History

The gnoll bouda shouts!
The searing ray hits the plant!
The plant is lightly damaged.
The searing ray hits the two-headed ogre!
Flame seeps out of the two-headed ogre.
The two-headed ogre is lightly wounded.
A wyvern comes into view.
The two-headed ogre is engulfed in blazing flames.
Flame seeps out of the two-headed ogre.
The searing ray hits the plant!
The plant is lightly damaged.
The searing ray hits the two-headed ogre.
Flame seeps out of the two-headed ogre.
The two-headed ogre is moderately wounded.
A nearby plant withers and dies.
The two-headed ogre is engulfed in blazing flames.
Flame seeps out of the two-headed ogre.
A water moccasin comes into view.
The searing ray hits the two-headed ogre!
Flame seeps out of the two-headed ogre.
The two-headed ogre is severely wounded.
You finish channelling your searing ray.
The two-headed ogre is engulfed in blazing flames.
Flame seeps out of the two-headed ogre.
The two-headed ogre hits you with a +0 giant spiked club!
The two-headed ogre hits you with a +0 giant club!!
* * * LOW HITPOINT WARNING * * *
Aiming: Searing Ray (safe; 1% risk of failure)
Press: ? - help, Q - select action, (/) - cycle Shift-Dir - straight line, f - two-headed ogre
Aim: a two-headed ogre, wielding a +0 giant spiked club and a +0 giant club (almost dead, inner flame, 90% to hit)
The searing ray hits the two-headed ogre!
You hear a splash.
You hear a splash.
The searing ray hits the gnoll bouda.
Flame seeps out of the gnoll bouda.
The gnoll bouda is moderately wounded. (Press . to maintain the ray.)
The two-headed ogre explodes!
The fiery explosion engulfs you!
You die...

#### #.........#..#####
.... #.........#..#....
..... #.........#..#....
..... #.........'..#....
#....#.........#..##...
##....##)##.....#..##...
................#...#...
#######.#########...#...
♣§@♣ ######.. ♣~§§§♣ #..
♣♣§°♣~P #.. ♣.~♣.~♣ #..
~~g♣ ♣~♣ #.. ##♣z♣ ##
#.. ... ...


You could see a gnoll bouda (inner flame) and a wight.

Vanquished Creatures
  A two-headed ogre (D:7)
  A kobold demonologist (D:6)
  A water moccasin (D:6)
  An orc warrior (D:7)
  An ogre (D:6)
  2 phantoms
  A scorpion (D:4)
  An orc priest (D:7)
  A hound (D:4)
  2 iguanas
  Terence (D:2)
  An orc wizard (D:6)
  7 gnolls
  7 adders
  A shadow imp (D:7)
  A worm (D:4)
  13 orcs
  10 endoplasms
  3 giant cockroaches
  7 hobgoblins
  4 jackals
  2 quokkas
  7 ball pythons
  9 bats
  3 frilled lizards
  9 goblins
  10 kobolds
  4 rats
111 creatures vanquished.

Vanquished Creatures (others)
  4 fungi (D:5)
  3 plants (D:7)
7 creatures vanquished.

Grand Total: 118 creatures vanquished

Notes
Turn   | Place    | Note
-------+----------+-------------------------------------------
     0 | D:1      | Armakuni the Human Conjurer began the quest for the Orb.
     0 | D:1      | Reached XP level 1. HP: 13/13 MP: 3/3
   262 | D:1      | Reached XP level 2. HP: 19/19 MP: 1/5
   308 | D:1      | Learned a level 2 spell: Searing Ray
   401 | D:1      | Found Basetup's Distillery.
   411 | D:1      | Bought a potion of degeneration for 11 gold pieces
   500 | D:1      | Bought a potion of curing for 33 gold pieces
  1145 | D:2      | Reached XP level 3. HP: 24/24 MP: 3/6
  1227 | D:2      | Noticed Terence
  1245 | D:2      | Reached skill level 5 in Conjurations
  1645 | D:2      | Found Ymoahar's Weapon Shop.
  1931 | D:2      | Reached XP level 4. HP: 30/30 MP: 3/7
  1936 | D:2      | Learned a level 4 spell: Iskenderun's Mystic Blast
  1980 | D:2      | Killed Terence
  2358 | D:3      | Found a shimmering blue altar of Sif Muna.
  2541 | D:3      | Reached XP level 5. HP: 35/35 MP: 8/8
  2561 | D:3      | Reached skill level 6 in Conjurations
  3047 | D:3      | Gained mutation: You occasionally lose the ability to read
                  | scrolls when taking damage. [potion of mutation]
  3047 | D:3      | Gained mutation: You passively map a small area around you.
                  | [potion of mutation]
  3048 | D:3      | Lost mutation: You occasionally lose the ability to read
                  | scrolls when taking damage. [potion of mutation]
  3048 | D:3      | Lost mutation: You passively map a small area around you.
                  | [potion of mutation]
  3048 | D:3      | Gained mutation: Your spells are a little easier to cast,
                  | but a little less powerful. [potion of mutation]
  3048 | D:3      | Gained mutation: You have a somewhat thin skeletal
                  | structure. (Dex +2, Stealth+) [potion of mutation]
  3048 | D:3      | Lost mutation: You have a somewhat thin skeletal structure.
                  | (Dex +2, Stealth+) [potion of mutation]
  3048 | D:3      | Gained mutation: You possess an exceptional clarity of
                  | mind. [potion of mutation]
  3981 | D:4      | Found a staircase to the Ecumenical Temple.
  3996 | Temple   | Entered the Ecumenical Temple
  4067 | Temple   | Became a worshipper of Elyvilon the Healer
  4138 | D:4      | Reached skill level 7 in Conjurations
  4138 | D:4      | Reached XP level 6. HP: 41/41 MP: 3/9
  4540 | D:4      | Learned a level 3 spell: Frozen Ramparts
  4981 | D:5      | Entered Level 5 of the Dungeon
  5029 | D:5      | Reached skill level 1 in Ice Magic
  5029 | D:5      | Reached XP level 7. HP: 43/46 MP: 6/10
  5112 | D:5      | Found a stormy altar of Qazlal.
  5177 | D:5      | Lost mutation: You possess an exceptional clarity of mind.
                  | [potion of mutation]
  5177 | D:5      | Lost mutation: Your spells are a little easier to cast, but
                  | a little less powerful. [potion of mutation]
  5177 | D:5      | Gained mutation: You have supernaturally acute eyesight.
                  | (SInv) [potion of mutation]
  5177 | D:5      | Gained mutation: You passively dampen the noise of your
                  | surroundings. [potion of mutation]
  5364 | D:5      | Found an opulent altar of Gozag.
  5577 | D:5      | Reached * piety under Elyvilon
  6296 | D:6      | Reached ** piety under Elyvilon
  6341 | D:6      | Noticed a water moccasin
  6346 | D:6      | Killed a water moccasin
  6347 | D:6      | Reached XP level 8. HP: 52/52 MP: 7/13
  6758 | D:6      | Noticed a kobold demonologist
  6766 | D:6      | Killed a kobold demonologist
  6767 | D:6      | Reached skill level 5 in Ice Magic
  6778 | D:6      | Learned a level 3 spell: Hailstorm
  6841 | D:6      | Found a radiant altar of Vehumet.
  7125 | D:7      | Reached *** piety under Elyvilon
  7397 | D:7      | Noticed a two-headed ogre
  7402 | D:7      | Noticed a wyvern
  7406 | D:7      | Killed a two-headed ogre
  7406 | D:7      | Killed by an exploding two-headed ogre... ignited by their
                  | inner flame

Illustrated notes

Levels and vault maps discovered:
D:1:      giann_wishing_wells, layout_basic, serial_shops, shop
D:2:      layout_basic, serial_shops, nicolae_shop_tiny_glass, uniq_terence
D:3:      layout_basic, nicolae_sif_muna_little_library, minivault_25
D:4:      layout_basic, minmay_temple_entry_crystal_x, nrook_campfire,
          minmay_surrounded
D:5:      layout_loops_ring, grunt_gozag_breadcrumbs, mainiacjoe_overflow_paths,
          serial_aquarium, aquarium_bridge_straight [aquarium_subvault_bridge,
          aquarium_subvault_window, aquarium_subvault_bridge,
          aquarium_subvault_wall], aquarium_bridge_square
          [aquarium_subvault_window, aquarium_subvault_wall,
          aquarium_subvault_bridge, aquarium_subvault_balcony],
          aquarium_window_1, aquarium_window_1, aquarium_view_2c
D:6:      layout_loops_corners, mainiacjoe_overflow_small_starburst,
          nicolae_ossuary_entry_monument
D:7:      nzn_winding_woodlands_three_and_one
          [nzn_winding_woodlands_5x15_lazy_stream,
          nzn_winding_woodlands_5x15_concentric,
          nzn_winding_woodlands_5x15_default,
          nzn_winding_woodlands_center_diamonds], layout_gridville,
          gammafunk_temple_overflow_statue, tso_oasis_becter, serial_glass,
          glass_columns_c, glass_columns_a, glass_columns_a, glass_columns_a,
          glass_columns_c, glass_columns_b
Temple:   nicolae_temple_ecumenical_triangle

Skill      XL: |  1  2  3  4  5  6  7  8 |
---------------+-------------------------+-----
Conjurations   | 5 7 |  7.6
Ice Magic      | 1 3 5 |  5.9
Spellcasting   | 3 4 |  4.0
Dodging        | |  2.0
Stealth        | |  2.0

Action                     |  1- 3 |  4- 6 |  7- 9 || total
---------------------------+-------+-------+-------++-------
  Melee: Dagger            |    24 |       |       ||    24
         Quarterstaff      |     4 |    65 |     6 ||    75
   Cast: Magic Dart        |    12 |       |       ||    12
         Searing Ray       |    20 |    31 |    20 ||    71
    Use: Scroll            |     4 |     5 |     4 ||    13
         Potion            |       |     7 |     2 ||     9
   Stab: Sleeping          |     1 |     7 |       ||     8
 Armour: Robe              |     9 |    35 |     4 ||    48
  Dodge: Dodged            |    24 |    78 |    15 ||   117
